Unix NetHack Version 5.0.0-0 post-release - last build May  3 2026 23:40:34 (9823c992c0763bbd039eca2974112f46eaf799b3,branch:main).

Game began 2026-05-04 12:38:38, ended 2026-05-04 12:54:50.

08245982402, neutral female human Ranger

       -----               --       ----
       |...|              .!----    ...|
       |...----           .....| ......|
     ---...G.G----       ..............|
     |......@[G..--------...........
     |..G^.G----........<...-
     --..d.|   ---------...--
      -....-           -...-
      ......            ....
      -......          -.....
      |........        |)......
      ---.......       --.......
        |...(....        -.......
        ----......        .......|
            .......       .....---
            --------       ..---
                           ---

08245982402 the Lookout      St:16 Dx:10 Co:15 In:13 Wi:14 Ch:7  Neutral
Dlvl:3  $:12 HP:0(31) Pw:19(19) AC:7  Xp:3 T:1210 

Latest messages:
 You stop.  Sirius is in the way!
 You swap places with Sirius.
 You swap places with Sirius.
 You descend the stairs.
 You hear crashing rock.
 You hear crashing rock.
 You hit the gnome.
 You miss the gnome.
 You kill the gnome!
 Welcome to experience level 3.
 n - 3 darts (14 in total).
 You have trouble lifting a gnome corpse.  Continue? [ynq] (q) n
 Sirius eats a gnome corpse.
 You miss the gnome.
 You hear crashing rock.
 The gnome misses!
 You kill the gnome!
 Sirius misses it.
 You miss the gnome.
 Sirius bites it.
 It swings its pick-axe at Sirius.
 It hits Sirius.
 The gnome hits!
 You miss the gnome.
 The gnome hits!
 You miss the gnome.
 The gnome hits!
 You find a trap door.
 The dwarf throws a dagger!
 The dagger slips as the dwarf throws it!
 The dwarf jumps into a trap door!
 The dwarf strikes at your displaced image and misses you!
 You hit the dwarf.
 The dwarf hits!
 The gnome lord wields a long sword!
 The long sword welds itself to the gnome lord's hand!
 The gnome hits!
 Sirius eats a gnome corpse.
 You hit the dwarf!
 The dwarf hits!
 The gnome lord picks up a dagger.
 You kill the dwarf!
 The gnome lord swings his long sword.
 The gnome lord hits!
 You die...
 Do you want your possessions identified? [ynq] (y) y
 Do you want to see your attributes? [ynq] (y) y
 Do you want an account of creatures vanquished? [ynaq] (y) y
 Do you want to see your conduct and achievements? [ynq] (y) y
 Do you want to see the dungeon overview? [ynq] (y) y

Inventory:
 Coins    ('$')
  $ - 12 gold pieces
 Weapons  (')')
  c - 57 +2 arrows (in quiver)
  d - 31 +0 arrows
  b - a +1 bow (alternate weapon; not wielded)
  n - 14 +0 darts
  a - a +1 dagger (weapon in right hand)
  g - a +0 orcish dagger
 Armor    ('[')
  e - an uncursed +2 cloak of displacement (being worn)
 Comestibles  ('%')
  f - 3 uncursed cram rations
  h - 3 uncursed food rations
  k - an uncursed lichen corpse
 Scrolls  ('?')
  m - an uncursed scroll of identify
  i - an uncursed scroll of remove curse
  o - an uncursed scroll of teleportation
 Tools    ('(')
  j - an uncursed locked large box containing 1 item

Contents of the large box:
  an uncursed spellbook of healing

08245982402 the Ranger's attributes:

Background:
 You were a Lookout, a level 3 female human Ranger.
 You were neutral, nominally on a mission for Venus
 who was opposed by Mercury (lawful) and Mars (chaotic).
 You were right-handed.
 You were in the Gnomish Mines, on level 3.
 You entered the dungeon 1210 turns ago.
 There was a full moon in effect when your adventure ended.
 You had 60 experience points, 20 more were needed to attain level 4.

Basics:
 You had 0 out of 31 hit points.
 You had all 19 energy points (spell power).
 Your armor class was 7.
 Your wallet contained 12 zorkmids.
 Autopickup was off.

Final Characteristics:
 Your strength was 16 (limit:18/100).
 Your dexterity was 10 (limit:18).
 Your constitution was 15 (limit:18).
 Your intelligence was 13 (limit:18).
 Your wisdom was 14 (limit:18).
 Your charisma was 7 (limit:18).

Final Status:
 You weren't hungry.
 You were unencumbered.
 You were wielding a dagger.
 You had basic skill with dagger.

Final Attributes:
 You were devoutly aligned.
 You had automatic searching.
 You were displaced.
 You were warded.
 You were lucky.
 You are dead.

Miscellaneous:
 You didn't encounter any bones levels.
 Total elapsed playing time was 16 minutes and 10 seconds.

Major events:
 Turn
    1: 08245982402 the neutral female human Ranger entered the dungeon
 1173: entered the Gnomish Mines
 1185: attained the rank of Lookout (level 3)
 1210: killed by a gnome lord

You didn't know any spells.

Skills:
 Fighting Skills
   bare handed combat [Unskilled]
   riding             [Unskilled]
 Weapon Skills
   dagger             [Basic]
   knife              [Unskilled]
   axe                [Unskilled]
   pick-axe           [Unskilled]
   short sword        [Unskilled]
   morning star       [Unskilled]
   flail              [Unskilled]
   hammer             [Unskilled]
   quarterstaff       [Unskilled]
   polearms           [Unskilled]
   spear              [Unskilled]
   trident            [Unskilled]
   bow                [Basic]
   sling              [Unskilled]
   crossbow           [Unskilled]
   dart               [Unskilled]
   shuriken           [Unskilled]
   boomerang          [Unskilled]
   whip               [Unskilled]
 Spellcasting Skills
   healing spells     [Unskilled]
   divination spells  [Unskilled]
   escape spells      [Unskilled]

Voluntary challenges:
 Character rerolling was not enabled.
 You followed a strict vegan diet.
 You were an atheist.
 You were illiterate.
 You never genocided any monsters.
 You never polymorphed an object.
 You never changed form.
 You used no wishes.
Achievements:
 You entered the Gnomish Mines.
 You attained the rank of Lookout.

 The Dungeons of Doom: levels 1 to 2
    Level 1:
       An altar to Venus, a fountain.
    Level 2:
       Stairs down to The Gnomish Mines.
 The Gnomish Mines:
    Level 3: <- You were here.
       Final resting place for
          you, killed by a gnome lord.


Vanquished creatures:
  a dwarf
  2 coyotes
  a giant rat
  2 gnomes
  a gnome zombie
  4 jackals
  a fox
  a kobold
  a goblin
  2 sewer rats
  6 grid bugs
  a bat
  a lichen
  a kobold zombie
  a newt
26 creatures vanquished.

No species were genocided or became extinct.

Game over:
                       ----------
                      /          \
                     /    REST    \
                    /      IN      \
                   /     PEACE      \
                  /                  \
                  |   08245982402    |
                  |      12 Au       |
                  |   killed by a    |
                  |    gnome lord    |
                  |                  |
                  |                  |
                  |       2026       |
                 *|     *  *  *      | *
        _________)/\\_//(\/(/\)/\//\/|_)_______

Goodbye 08245982402 the Ranger...

You died in The Gnomish Mines on dungeon level 3 with 351 points,
and 12 pieces of gold, after 1210 moves.
You were level 3 with a maximum of 31 hit points when you died.

